 Dungeon Crawl Stone Soup version 0.22-a0-247-gbddf880 (webtiles) character file.

121 Santreim the Skirmisher (level 5, -3/47 HPs)
             Began as a Hill Orc Fighter on Feb 27, 2018.
             Slain by a gnoll
             ... wielding a +0 flail of protection
              (4 damage)
             ... on level 2 of the Dungeon.
             The game lasted 00:11:25 (1361 turns).

Santreim the Skirmisher (Hill Orc Fighter)          Turns: 1361, Time: 00:11:26

Health: -3/47      AC:  9    Str: 25    XL:     5   Next: 5%
Magic:  5/5        EV:  8    Int:  8    God:
Gold:   91         SH: 10    Dex: 10    Spells: 4/4 levels left

rFire    . . .     SeeInvis .   a - +0 long sword
rCold    . . .     Gourm    .   c - +0 shield
rNeg     . . .     Faith    .   b - +0 scale mail
rPois    .         Spirit   .   j - +1 helmet
rElec    .         Reflect  .   (no cloak)
rCorr    .         Harm     .   (no gloves)
MR       .....                  (no boots)
Stlth    ..........             (no amulet)
HPRegen  0.15/turn              (no ring)
MPRegen  0.09/turn              (no ring)

@: mighty
A: no striking features
a: no special abilities


You were on level 2 of the Dungeon.
You were not hungry.

You visited 1 branch of the dungeon, and saw 2 of its levels.

You collected 91 gold pieces.

Inventory:

Hand Weapons
 a - a +0 long sword (weapon)
Missiles
 g - 51 bolts
 h - 7 javelins (quivered)
Armour
 b - a +0 scale mail (worn)
 c - a +0 shield (worn)
 j - a +1 helmet (worn)
Scrolls
 e - 2 scrolls of identify
Comestibles
 f - 3 rations


   Skills:
 + Level 4.3 Fighting
 + Level 3.7 Long Blades
 + Level 3.9 Armour
 + Level 0.5 Dodging
 + Level 4.0 Shields


You had 4 spell levels left.
You didn't know any spells.

Dungeon Overview and Level Annotations

Branches:
Dungeon (2/15)

Altars:
Okawaru
Trog
Yredelemnul
Zin


Message History

The gnoll hits you with a flail of protection.
You block the gnoll's attack.
You feel very mighty all of a sudden.
The gnoll hits you from afar with a halberd.
The gnoll hits you but does no damage. You block the gnoll's attack.
You hit the gnoll.
The gnoll is severely wounded.
You block the gnoll's attack. x2; The gnoll closely misses you.
You closely miss the gnoll.
The gnoll is severely wounded.
The gnoll closely misses you.
The gnoll hits you with a flail of protection.
* * * LOW HITPOINT WARNING * * *
The gnoll closely misses you.
You closely miss the gnoll.
The gnoll is severely wounded.
The gnoll hits you from afar with a halberd!
* * * LOW HITPOINT WARNING * * *
The gnoll hits you with a flail of protection.
You die...

## #..#.#
#..# #(# #
###.#.#
##.#####)#
# #.....#
#.......#
#
####.#.###
#######.#
#
#....#..##
#.# ##
#.#####..#
### .###
#.# ##.##
...###.#
#..###
##.....#
##.g@#
#######
###g#


ggg. ....... ######## #%#......# .......### ..#....... ######...# ##########.
#........# #........# You could see 4 gnolls and a hobgoblin.

Vanquished Creatures
  Robin (D:2)
  4 adders (D:2)
  4 dart slugs
  3 giant cockroaches
  14 goblins
  8 hobgoblins
  6 jackals (D:1)
  5 kobolds
  A ball python (D:1)
  8 bats
  2 frilled lizards
  5 rats
61 creatures vanquished.

Notes
Turn   | Place    | Note
-------+----------+-------------------------------------------
     0 | D:1      | Santreim the Hill Orc Fighter began the quest for the Orb.
     0 | D:1      | Reached XP level 1. HP: 19/19 MP: 1/1
    42 | D:1      | Reached XP level 2. HP: 19/27 MP: 2/2
   133 | D:1      | Reached XP level 3. HP: 18/33 MP: 3/3
   687 | D:2      | Noticed Robin
   708 | D:2      | Reached XP level 4. HP: 38/40 MP: 4/4
   738 | D:2      | Killed Robin
  1224 | D:2      | Reached XP level 5. HP: 43/47 MP: 5/5
  1234 | D:2      | Found a glowing silver altar of Zin.
  1272 | D:2      | Found a faded altar of an unknown god.
  1272 | D:2      | Found an iron altar of Okawaru.
  1279 | D:2      | Found a faded altar of an unknown god.
  1284 | D:2      | Found a bloodstained altar of Trog.
  1286 | D:2      | Found a basalt altar of Yredelemnul.
  1361 | D:2      | HP: 1/47 [gnoll/halberd (14)]
  1361 | D:2      | Slain by a gnoll

Vault maps used:
D:1:      lightli_arrival_lavapool, dk_noncrumbling_2
D:2:      nicolae_overflow_hidden_temple, chequers_temple_overflow_minitemple,
          first_ration, serial_corexii_hall, corexii_hall_statues_i,
          corexii_hall_statues_s, uniq_robin

Skill      XL: |  1  2  3  4 |
---------------+-------------+-----
Fighting       | 4 |  4.3
Long Blades    | 3 |  3.7
Shields        | 4 |  4.0
Armour         | |  3.9
Dodging        | |  0.5

Action                   |  1- 3 |  4- 6 || total
-------------------------+-------+-------++-------
Melee: Long sword        |   101 |    94 ||   195
  Use: Scroll            |     2 |     2 ||     4
       Potion            |     1 |     4 ||     5
  Eat: Ration            |       |     1 ||     1
Armor: Scale mail        |    68 |    49 ||   117
Dodge: Dodged            |    56 |    35 ||    91
Block: Shield            |    88 |    48 ||   136
       Rpst.: Long sword |    16 |    17 ||    33

Table legend:
 A = Spawn XP
 B = Non-spawn XP
 C = Spawn XP percentage of total XP
 D = Spawn monster count
 E = Non-spawn monster count
 F = Spawn count percentage of total count
 G = Total turns spent on level
                    A         B        C        D         E        F      G
               +---------+---------+-------+---------+---------+-------+---------
         Total |       0 |     174 |   0.0 |       0 |      61 |   0.0 |  1361
               +---------+---------+-------+---------+---------+-------+---------
           D:1 |       0 |      62 |   0.0 |       0 |      32 |   0.0 |   640
           D:2 |       0 |     112 |   0.0 |       0 |      29 |   0.0 |   721
               +---------+---------+-------+---------+---------+-------+---------
